Map: Acid Plant LE

Players

Zest

  • Race: Protoss Protoss
  • League: Master
  • Spawn Location: 5:00

lIIllllIIlll (INnoVation) - Winner!

  • Race: Terran Terran
  • League: Master
  • Spawn Location: 11:00

Event: HomeStory Cup XVIII

VOD

Have the link to the VOD?

Description

Time

  • Played on: Nov. 25, 2018, 1:09 p.m.
  • Length: 7:22

All games in this series

Show
View Real Time Build Order
Export as new Build Order

Zest Protoss 

Build Orders: Oracle Opening 

Get SALT Encoding   

  12  0:00  Probe  
  13  0:13  Probe  
  14  0:17  Pylon  
  14  0:24  Probe  
  15  0:32  Probe  
  15  0:38  Gateway  
  15  0:40  Probe  
  16  0:47  Assimilator  
  17  0:51  Probe  
  18  1:03  Probe  
  19  1:15  Probe  
  20  1:25  Cybernetics Core  
  20  1:28  Pylon, Zealot  
  20  1:30  Probe  
  23  1:38  Assimilator  
  23  1:46  Probe  
  24  1:51  Stalker  
  26  2:02  Warp Gate  
  26  2:11  Nexus  
  26  2:14  Stalker, Probe  
  28  2:40  Probe  
  28  2:43  Sentry  
  31  2:52  Robotics Facility  
  31  3:02  Pylon  
  31  3:06  Oracle  
  32  3:20  Probe x2  
  32  3:25  Gateway  
  32  3:27  Gateway  
  31  3:28  Probe  
  31  3:32  Probe  
  31  3:34  Shield Battery  
  33  3:36  Probe  
  33  3:39  Observer  
  35  3:44  Probe  
  36  3:49  Probe  
  37  3:56  Probe  
  37  4:01  Probe  
  39  4:03  Shield Battery  
  39  4:06  Sentry, Observer  
  39  4:08  Probe  
  42  4:12  Robotics Bay  
  42  4:13  Probe  
  44  4:20  Probe, Assimilator  
  44  4:21  Assimilator  
  45  4:25  Probe  
  46  4:31  Stalker  
  46  4:32  Probe, Stalker  
  46  4:33  Stalker  
  46  4:37  Probe  
  54  4:41  Observer  
  54  4:44  Pylon  
  54  4:53  Pylon  
  54  4:54  Disruptor  
  54  4:58  Pylon  
  54  5:02  Probe x2  
  59  5:14  Observer, Probe x2  
  59  5:18  Stalker x3  
  67  5:22  Disruptor  
  67  5:24  Pylon  
  68  5:51  Observer  
  68  5:52  Stalker x3  
  70  5:58  Disruptor  
  69  6:13  Observer  
  69  6:17  Zealot x3  
  55  6:37  Stalker x3  
  61  6:40  Disruptor  
  61  6:41  Gateway  
  61  6:43  Gateway  
  61  6:45  Gateway  
  60  6:47  Gateway  
  61  6:56  Shield Battery  
  57  7:02  Zealot x2  
Show
View Real Time Build Order
Export as new Build Order

lIIllllIIlll Terran - Winner!

Build Orders: Cyclone Opening 

Get SALT Encoding   

  12  0:00  SCV  
  13  0:12  SCV  
  14  0:17  Supply Depot  
  14  0:24  SCV  
  15  0:38  SCV  
  15  0:41  Barracks  
  16  0:44  Refinery  
  16  0:50  SCV  
  16  0:54  Refinery  
  17  1:02  SCV  
  18  1:14  SCV  
  19  1:27  Reaper, Orbital Command  
  20  1:40  Supply Depot  
  20  1:42  Factory  
  20  1:53  SCV  
  21  2:05  SCV  
  22  2:17  SCV  
  23  2:25  Factory Tech Lab  
  23  2:29  Command Center, SCV  
  24  2:35  Barracks Reactor  
  24  2:43  Cyclone  
  24  2:44  SCV  
  28  2:48  Supply Depot  
  28  2:56  SCV  
  29  3:04  Starport  
  29  3:10  SCV  
  29  3:11  Marine x2  
  31  3:21  Supply Depot  
  31  3:23  SCV  
  32  3:29  Factory Tech Lab  
  32  3:30  Marine x2  
  34  3:35  SCV  
  35  3:47  SCV  
  36  3:50  Cloaking Field, Banshee  
  36  3:52  Siege Tank  
  42  3:56  Marine  
  42  3:57  Marine  
  42  3:59  SCV  
  45  4:12  Orbital Command  
  45  4:14  Marine x2  
  45  4:16  SCV  
  48  4:24  Siege Tank  
  48  4:29  SCV  
  52  4:32  Marine x2  
  52  4:33  Banshee  
  52  4:38  Supply Depot  
  57  4:41  SCV x2  
  59  4:49  Supply Depot, Marine  
  59  4:50  Marine  
  61  4:55  SCV  
  66  5:00  Supply Depot, Siege Tank, SCV  
  66  5:07  Marine  
  66  5:08  Marine  
  69  5:14  SCV x2  
  69  5:16  Banshee  
  73  5:23  Supply Depot  
  73  5:25  Marine  
  73  5:26  Marine, SCV x2  
  77  5:32  Siege Tank  
  79  5:43  Marine x2  
  79  5:45  SCV x2  
  79  5:46  Supply Depot  
  72  5:57  SCV x2  
  72  6:01  Bunker  
  76  6:04  Marine x2, Siege Tank  
  76  6:09  Banshee  
  80  6:15  SCV x2, Barracks  
  80  6:17  Bunker  
  80  6:18  Barracks  
  82  6:22  Marine x2, Refinery  
  80  6:30  SCV x2  
  78  6:37  Siege Tank  
  80  6:40  Engineering Bay, Marine x2  
  80  6:42  SCV x2  
  82  6:48  Bunker  
  82  6:54  SCV x2  
  82  6:58  Marine x2  
  89  7:04  Refinery  
  89  7:14  Barracks Tech Lab x2  
  94  7:17  Supply Depot  
Tags
 
Add a new tag
Caveats
  • Supply blocks, unpowered buildings, or Contaminate may cause inaccurate times.
  • Supply counts are checked every 10 seconds.